 Dungeon Crawl Stone Soup version 0.32-a0-423-g123bbc5 (webtiles) character file.

Game seed: 7713276355245091959

44414 89arti the Frost Mage (level 14, 0/130 HPs)
             Began as a Ghoul Ice Elementalist on Feb 21, 2024.
             Was a High Priest of Vehumet.
             Killed by divine providence
             ... invoked by Saint Roka
              (11 damage)
             ... on level 1 of the Orcish Mines.
             The game lasted 00:41:46 (18829 turns).

89arti the Frost Mage (Ghoul Ice Elementalist)     Turns: 18829, Time: 00:41:46

Health: 0/130      AC: 11    Str: 13    XL:     14   Next: 28%
Magic:  20/26      EV: 12    Int: 24    God:    Vehumet [*****.]
Gold:   1757       SH:  5    Dex:  9    Spells: 3/29 levels left

rFire   + . .        i - +3 whip (elec)
rCold   + . .        (no shield)
rNeg    + + +        b - +0 steam dragon scales
rPois   ∞            j - +0 helmet
rElec   .            k - +0 cloak
rCorr   .            (no gloves)
SInv    .            p - +2 pair of boots
Will    +....        m - amulet of reflection
Stlth   ++           e - +6 ring of intelligence
HPRegen 0.00/turn    a - ring of protection from fire
MPRegen 0.20/turn

%: reflection
@: inhibited regen, hasted, very quick
A: claws 1, cold resistance 1, negative energy resistance 3, inhibited
regeneration, torment resistance 2, devour on kill
a: Renounce Religion


You were on level 1 of the Orcish Mines.
You worshipped Vehumet.
Vehumet was extremely pleased with you.
You visited 4 branches of the dungeon, and saw 18 of its levels.
You also visited: Sewer.

You collected 1952 gold pieces.
You spent 195 gold pieces at shops.

Inventory:

Hand Weapons
 i - a +3 whip of electrocution (weapon)
Missiles
 g - 3 curare-tipped darts
 Z - a throwing net
Armour
 b - +0 steam dragon scales (worn)
 j - a +0 helmet (worn)
 k - a +0 cloak (worn)
 p - a +2 pair of boots (worn)
Jewellery
 a - a ring of protection from fire (right claw)
 c - a ring of ice
 e - a +6 ring of intelligence (left claw)
 m - an amulet of reflection (around neck)
Wands
 d - a wand of flame (7)
 l - a wand of polymorph (9)
 u - a wand of paralysis (7)
 v - a wand of digging (4)
Scrolls
 f - 2 scrolls of poison
 n - 6 scrolls of enchant weapon
 x - 2 scrolls of enchant armour
 B - 4 scrolls of fog
 K - 7 scrolls of teleportation
 O - a scroll of revelation
 U - a scroll of amnesia
Potions
 h - a potion of degeneration {unknown}
 o - 2 potions of berserk rage {unknown}
 D - 4 potions of enlightenment
 L - 2 potions of might
 N - 9 potions of ambrosia
 P - a potion of magic
 S - 5 potions of curing


   Skills:
 + Level 13.9 Fighting
 - Level 3.0 Maces & Flails
 - Level 3.0 Armour
 - Level 3.0 Dodging
 - Level 2.1 Stealth
 - Level 8.0 Spellcasting
 * Level 7.7 Conjurations
 - Level 14.0 Ice Magic
 - Level 4.0 Air Magic
 - Level 8.0 Earth Magic
 - Level 4.0 Evocations


You had 3 spell levels left.
You knew the following spells:

 Your Spells              Type           Power      Damage    Failure   Level
a - Stone Arrow           Conj/Erth      94%        3d12      1%          3
b - Frozen Ramparts       Ice            100%       1d16      1%          3
c - Ozocubu's Armour      Ice            67%        N/A       1%          3
d - Freezing Cloud        Conj/Ice/Air   25%        6-21      1%          5
e - Bombard               Conj/Erth      23%        9d4       11%         6
f - Lee's Rapid Deconstr  Erth           24%        3d13*     1%          5
s - Freeze                Ice            100%       1d10      0%          1

Your spell library contained the following spells:

 Spells                   Type           Power      Damage    Failure   Level
 Iskenderun's Battlesphe  Conj           46%        2d10      2%          5
 Magic Dart               Conj           100%       1d8       1%          1
 Sandblast                Erth           96%        2d20      1%          1
 Dazzling Flash           Conj/Hex       56%        N/A       1%          3
 Hailstorm                Conj/Ice       58%        3d11      1%          3
 Passwall                 Erth           48%        N/A       1%          3
 Summon Ice Beast         Ice/Summ       43%        N/A       1%          3
 Cigotuvi's Dreadful Rot  Necr/Alch/Air  30%        N/A       6%          2
 Blink                    Tloc           18%        N/A       10%         2
 Call Imp                 Summ           18%        N/A       10%         2
 Tukima's Dance           Hex            9%         N/A       19%         3
 Brom's Barrelling Bould  Conj/Erth      47%        2d6       1%          4
 Animate Armour           Summ/Erth      56%        N/A       12%         4
 Ignite Poison            Fire/Alch      9%         N/A       17%         4
 Sticky Flame             Fire/Alch      9%         2d5       17%         4
 Conjure Ball Lightning   Conj/Air       18%        3x3d6     22%         6
 Borgnjor's Vile Clutch   Necr/Erth      14%        N/A       34%         5
 Animate Dead             Necr           9%         N/A       54%         4
 Lehudib's Crystal Spear  Conj/Erth      23%        10d7      98%         8
 Death Channel            Necr           4%         N/A       100%        6
 Haunt                    Necr/Summ      4%         N/A       100%        7
 Discord                  Hex            4%         N/A       100%        8
 Disjunction              Tloc           4%         N/A       100%        8
 Ignition                 Fire           4%         3d4       100%        8
 Infestation              Necr           4%         N/A       100%        8


Dungeon Overview and Level Annotations

Branches:
Dungeon (10/15)            Temple (1/1) D:5            Lair (5/5) D:8
  Swamp (0/4) Lair:2       Spider (0/4) Lair:3        Slime (0/5) Lair:5
    Orc (2/2) D:10          Sewer (visited)
    Elf: Orc:2

Altars:
Ashenzari
Cheibriados
Dithmenos
Fedhas
Gozag
Hepliaklqana
Kikubaaqudgha
Makhleb
Nemelex Xobeh
Okawaru
Qazlal
Ru
Sif Muna
Trog
Uskayaw
Vehumet
Wu Jian
Xom
Yredelemnul
Jiyva

Shops:
D:10 ?   Orc:2 (

Annotations:
Orc:1 Saint Roka


Innate Abilities, Weirdness & Mutations

You are immune to poison.
You have sharp fingernails.
Your flesh is cold resistant. (rC+)
You are immune to negative energy. (rN+++)
You do not regenerate when monsters are visible.
You are immune to unholy pain and torment.
You thrive by killing the living.


Message History

* * * LOW HITPOINT WARNING * * *
You take 19 damage, and have 27/130 hp.
You now have 17/26 mp.
Saint Roka is engulfed in poison gas.
Saint Roka looks as sick as possible!
Saint Roka says, "Down here, you're an orc or you're nobody."
Things that are here:
a +0 chain mail; a +1 long sword of electrocution Saint Roka is no longer blind.
Unknown command.
Okay, then.
Press: ? - help, v - describe, . - travel
Here: Saint Roka, wielding a +2 glaive of freezing and wearing a +0 chain mail of cold resistance (poison gas, heavily wounded, extremely poisoned)
The floor.
Okay, then.
You feel yourself speed up.
Saint Roka is engulfed in poison gas.
Saint Roka looks as sick as possible!
Saint Roka hits you from afar with a +2 glaive of freezing!!
* * * LOW HITPOINT WARNING * * *
Saint Roka freezes you.
* * * LOW HITPOINT WARNING * * *
You take 23 damage, and have 4/130 hp.
Okay, then.
Saint Roka looks as sick as possible!
You feel better.
You regained 7 hp, and now have 11/130 hp.
Things that are here:
a +0 chain mail; a +0 club; an orc skeleton
Things that are here:
a +0 chain mail; a +0 mace; an orc skeleton
Casting: Stone Arrow (safe; 1% risk of failure)
Confirm with . or Enter, or press ? or * to list all spells.
Aiming: Freezing Cloud (mildly dangerous; 1% risk of failure)
Press: ? - help, Dir - move target, p - Saint Roka
Okay, then.
The air fills with toxic fumes!
As you read the scroll of poison, it crumbles to dust.
Saint Roka is engulfed in poison gas.
Saint Roka looks as sick as possible!
Saint Roka mumbles some strange prayers to Beogh against you.
Beogh smites you!
You die...
Saint Roka roars, "Praise to Beogh!"

#...##.###§§§§§##§§§#.....#.##
##.##.§.#§§§§§§§§§§..#.......#
##....§§#§§§§.§§§§...###.##.##
#.....§§§§§§§o§§§#..§########
##..#.#§§§§§§§§§###§§..##
###..§§§§§§§§§§#§§§§...# ###
##.##)#§§§§§§§§§§§..##
##.####.#.#...#.§§#....###
##...##..§§§§§§§@§§§#.#####
#........#§§§§##§§§######.##
##.......##§######§##..#...##
###....#####.###)§§....#.#.##
#########.....[§#§........#
##.###..#......§§§....#.##
##...#....#...#.§.§§#..###
##.#...#..................##
#.....#....................##


You could see Saint Roka (extremely poisoned).

Vanquished Creatures
  An orc warlord (Orc:1)
  Snorg (D:10)
  Fannar (D:9)
  A catoblepas (Lair:5)
  4 two-headed ogres
  A deep troll shaman (Lair:5)
  6 death yaks (Lair:5)
  A boulder beetle (Lair:5)
  A skyshark (Lair:4)
  A lindwurm (Lair:5)
  Pikel (D:5)
  An orc sorcerer (Orc:1)
  Maurice (D:9)
  3 kobold blastminers
  3 black mambas
  14 elephants
  A gargoyle (D:7)
  9 cane toads
  8 komodo dragons
  2 rime drakes
  A hornet (D:9)
  A queen bee (Lair:3)
  3 trolls
  A polar bear (D:8)
  12 blink frogs
  5 dream sheep (Lair:4)
  2 jumping spiders (Lair:3)
  Sigmund (D:5)
  3 wyverns
  A wraith (D:10)
  27 yaks
  2 redbacks (Lair:3)
  A warg (Orc:2)
  4 basilisks
  The ghost of Decysan the Insei, an amateur DsSh (D:4)
  A steam dragon (D:7)
  An acid dragon (D:9)
  12 water moccasins
  2 sky beasts
  12 orc warriors
  3 ice beasts
  2 black bears (Lair:5)
  2 ogres
  15 wolves
  2 centaurs (D:9)
  2 lemures (D:5)
  A phantom (D:4)
  2 brain worms (Sewer)
  2 kobold brigands
  A gnoll sergeant (D:7)
  12 bullfrogs
  A scorpion (D:4)
  5 wights
  32 killer bees
  2 howler monkeys (D:7)
  3 jellies
  2 bombardier beetles (D:6)
  3 gnoll boudas
  12 orc priests
  6 hounds
  5 iguanas
  20 orc wizards
  6 hell rats (Lair:1)
  A centaur simulacrum (D:8)
  Robin (D:2)
  19 gnolls
  4 river rats (Sewer)
  9 adders
  A shadow imp (D:5)
  2 white imps
  A howler monkey simulacrum (D:8)
  An adder zombie (D:3)
  2 adder skeletons (D:3)
  3 dart slugs
  2 ribbon worms
  60 orcs
  15 ball pythons
  2 bats
  10 endoplasms
  4 giant cockroaches
  16 goblins
  10 hobgoblins
  25 kobolds
  9 quokkas
  7 frilled lizards
  A jackal zombie (D:3)
  8 rats
508 creatures vanquished.

Vanquished Creatures (others)
  A river rat (D:8)
  An orc (Orc:1)
  A kobold (D:8)
3 creatures vanquished.

Grand Total: 511 creatures vanquished

Notes
Turn   | Place    | Note
-------+----------+-------------------------------------------
     0 | D:1      | 89arti the Ghoul Ice Elementalist began the quest for the
                  | Orb.
     0 | D:1      | Reached XP level 1. HP: 14/14 MP: 3/3
   198 | D:1      | Reached XP level 2. HP: 17/20 MP: 3/5
   457 | D:1      | Reached XP level 3. HP: 26/26 MP: 2/6
   464 | D:1      | Learned a level 3 spell: Frozen Ramparts
   468 | D:1      | Learned a level 3 spell: Ozocubu's Armour
  1326 | D:2      | Reached skill level 5 in Ice Magic
  1326 | D:2      | Reached XP level 4. HP: 25/33 MP: 0/8
  1499 | D:2      | You fall into a shaft and drop 1 floor!
  1619 | D:2      | Noticed Robin
  1633 | D:2      | Killed Robin
  1634 | D:2      | Reached XP level 5. HP: 38/38 MP: 2/10
  2405 | D:3      | Identified the +4 ring mail of Ennui {rPois Will+++ Str-4
                  | Slay-2}
  2506 | D:3      | Reached skill level 1 in Maces & Flails
  2649 | D:3      | Reached XP level 6. HP: 43/45 MP: 12/12
  3083 | D:4      | Identified a scroll of acquirement
  3083 | D:4      | Acquired 612 gold pieces
  3097 | D:4      | Found a runed translucent door.
  3101 | D:4      | Noticed Decysan's ghost (amateur DsSh)
  3114 | D:4      | Reached skill level 6 in Ice Magic
  3116 | D:4      | Killed Decysan's ghost
  3117 | D:4      | Reached skill level 5 in Spellcasting
  3117 | D:4      | Reached XP level 7. HP: 46/50 MP: 7/14
  3128 | D:4      | Found a runed translucent door.
  3201 | D:4      | Got Xusit's Parchment of Fog and Bad Luck
  3249 | D:4      | Reached skill level 1 in Fighting
  3589 | D:5      | Entered Level 5 of the Dungeon
  3687 | D:5      | Found a staircase to the Ecumenical Temple.
  3698 | Temple   | Entered the Ecumenical Temple
  3721 | Temple   | Became a worshipper of Vehumet
  3775 | D:5      | Found a glowing drain.
  3798 | Sewer    | Entered a sewer
  3933 | Sewer    | Reached * piety under Vehumet
  3933 | Sewer    | Offered knowledge of Kiss of Death by Vehumet.
  3934 | Sewer    | Reached XP level 8. HP: 62/62 MP: 11/15
  3961 | Sewer    | Reached skill level 7 in Ice Magic
  4583 | D:5      | Reached skill level 1 in Armour
  4701 | D:5      | Noticed Pikel
  4707 | D:5      | Killed Pikel
  4883 | D:5      | Reached skill level 8 in Ice Magic
  4899 | D:5      | Reached skill level 5 in Fighting
  4899 | D:5      | Reached XP level 9. HP: 65/74 MP: 11/16
  4927 | D:5      | Noticed Sigmund
  4932 | D:5      | Killed Sigmund
  5524 | D:6      | Reached ** piety under Vehumet
  5576 | D:6      | Offered knowledge of Mercury Vapours by Vehumet.
  5667 | D:6      | Found a shimmering blue altar of Sif Muna.
  6061 | D:7      | Offered knowledge of Mephitic Cloud by Vehumet.
  6070 | D:7      | Reached skill level 9 in Ice Magic
  6092 | D:7      | Reached *** piety under Vehumet
  6229 | D:7      | Reached XP level 10. HP: 83/84 MP: 14/20
  6240 | D:7      | Noticed a gargoyle
  6273 | D:7      | Killed a gargoyle
  6538 | D:7      | Found a bloodstained altar of Trog.
  6819 | D:7      | Offered knowledge of Stone Arrow by Vehumet.
  6824 | D:7      | Learned a level 3 spell: Stone Arrow
  6963 | D:8      | Noticed a two-headed ogre
  7185 | D:8      | Found a staircase to the Lair.
  7205 | D:8      | Reached skill level 1 in Conjurations
  7205 | D:8      | Reached skill level 10 in Ice Magic
  7224 | D:8      | Found a basalt altar of Yredelemnul.
  7298 | D:8      | Killed a two-headed ogre
  7362 | D:8      | Reached XP level 11. HP: 91/95 MP: 19/23
  7618 | D:8      | Reached **** piety under Vehumet
  7620 | D:8      | Reached skill level 1 in Earth Magic
  8017 | D:8      | Offered knowledge of Lee's Rapid Deconstruction by Vehumet.
  8027 | D:8      | Learned a level 5 spell: Lee's Rapid Deconstruction
  8365 | D:9      | Found Zin's Purification Station.
  8371 | D:9      | Bought a potion of curing for 90 gold pieces
  8401 | D:9      | Noticed Maurice
  8403 | D:9      | Maurice stole a throwing net
  8413 | D:9      | Killed Maurice
  8414 | D:9      | Reached skill level 11 in Ice Magic
  8539 | D:9      | Found a sacrificial altar of Ru.
  8689 | D:10     | Entered Level 10 of the Dungeon
  8692 | D:10     | Noticed Snorg
  8857 | D:10     | Killed Snorg
  8933 | D:10     | Noticed Fannar
  9134 | D:9      | Killed Fannar
  9329 | D:10     | Noticed a two-headed ogre
  9336 | D:10     | Killed a two-headed ogre
  9461 | D:10     | Noticed a two-headed ogre
  9466 | D:10     | Killed a two-headed ogre
  9476 | D:10     | Noticed a two-headed ogre
  9480 | D:10     | Killed a two-headed ogre
  9521 | D:10     | Found The Oracle's Delphic Readings.
  9527 | D:10     | Bought a scroll of teleportation for 45 gold pieces
  9527 | D:10     | Bought a scroll of fog for 60 gold pieces
  9676 | D:10     | Found a staircase to the Orcish Mines.
  9808 | Lair:1   | Entered Level 1 of the Lair of Beasts
  9824 | Lair:1   | Reached skill level 10 in Fighting
  9824 | Lair:1   | Reached skill level 5 in Earth Magic
  9827 | Lair:1   | Reached XP level 12. HP: 106/106 MP: 17/24
  9853 | Lair:1   | Reached skill level 5 in Conjurations
 10042 | Lair:1   | Reached skill level 12 in Ice Magic
 10131 | Lair:1   | Reached ***** piety under Vehumet
 10291 | Lair:1   | Offered knowledge of Bombard by Vehumet.
 10356 | Lair:1   | Learned a level 6 spell: Bombard
 11515 | Lair:2   | Reached skill level 13 in Ice Magic
 11874 | Lair:2   | Found a staircase to the Swamp.
 12423 | Lair:3   | Found a hole to the Spider Nest.
 12759 | Lair:3   | Reached XP level 13. HP: 118/118 MP: 7/25
 13547 | Lair:4   | Reached skill level 14 in Ice Magic
 13547 | Lair:4   | Offered knowledge of Freezing Cloud by Vehumet.
 13621 | Lair:3   | Learned a level 5 spell: Freezing Cloud
 13650 | Lair:4   | Reached skill level 1 in Evocations
 13652 | Lair:4   | Reached skill level 1 in Air Magic
 14028 | Lair:4   | You fall into a shaft and drop 1 floor!
 14028 | Lair:5   | Entered Level 5 of the Lair of Beasts
 14453 | Lair:5   | Found a staircase to the Slime Pits.
 14470 | Lair:5   | Found a viscous altar of Jiyva.
 15239 | Lair:5   | Identified the +0 ring mail of Servitude {rPois Str+4}
 16078 | Lair:5   | Reached XP level 14. HP: 126/129 MP: 13/26
 16837 | Orc:1    | Entered Level 1 of the Orcish Mines
 17000 | Orc:1    | Noticed an orc warlord
 17261 | Orc:1    | Killed an orc warlord
 17618 | Orc:2    | Entered Level 2 of the Orcish Mines
 17618 | Orc:2    | Noticed Saint Roka
 17622 | Orc:2    | Offered knowledge of Iskenderun's Battlesphere by Vehumet.
 17711 | Orc:2    | Found Yrephav's Antique Weapon Shoppe.
 18815 | Orc:1    | HP: 5/130 [Saint Roka/+2 glaive of freezing (22)]
 18829 | Orc:1    | Killed from afar by Saint Roka

Illustrated notes

Levels and vault maps discovered:
D:1:      ncdulo_watergridlock, layout_basic, dreamdust_princess_corridor
D:2:      layout_basic, feat_on_display, uniq_robin
D:3:      layout_loops_cross, mainiacjoe_overflow_catwalk, serial_undead,
          serial_undead_b, serial_undead_a, serial_undead_d, serial_undead_b,
          kennysheep_generic_room_7
D:4:      layout_loops_ring, ebering_ghost_sewer_f
D:5:      layout_loops_ring, lemuel_temple_firewalk_b,
          cheibrodos_sewer_entry_drain, grunt_ministairs_11, uniq_sigmund,
          uniq_pikel
D:6:      layout_basic, lemuel_tele_altar
D:7:      minmay_cornered_nines, layout_rooms, lemuel_coloured_pillars_altar
D:8:      layout_cave_pools, kennysheep_ying_yang, david_lair_shrubbed,
          serial_ice, serial_ice_b, serial_ice_f, serial_ice_l, serial_ice_m,
          serial_ice_h
D:9:      layout_rooms, lemuel_round_altar, zin_purify, uniq_maurice
D:10:     layout_rooms, orc_0_dummy, nicolae_nh_oracle_at_delphi, uniq_snorg,
          uniq_fannar
Temple:   regret_index_temple_generic_petals
Lair:1:   layout_small_grid, pdpol_lair_neglected_garden,
          chequers_serial_rivers_marsh
Lair:2:   layout_roguey, swamp_mist
Lair:3:   layout_small_grid, spider_nest_entry_a, special_room
          [special_room_bee], hibernation_bobbens
Lair:4:   layout_concentric_octagons
Lair:5:   grunt_lair_end_beastmaster, layout_small_grid,
          nicolae_slime_entry_field_trip
Orc:1:    layout_caves
Orc:2:    grunt_orc_tribal_feast, layout_caves, basic_altar, serial_shops, shop,
          nicolae_shop_peninsula, uniq_saint_roka

Skill      XL: |  1  2  3  4  5  6  7  8  9 10 11 12 13 14 |
---------------+-------------------------------------------+-----
Spellcasting   | 2 3 4 5 6 8 |  8.0
Ice Magic      | 5 6 8 9 10 11 13 14 | 14.0
Maces & Flails | 1 2 3 |  3.0
Fighting       | 2 5 6 8 10 12 13 | 13.9
Dodging        | 3 |  3.0
Armour         | 2 3 |  3.0
Conjurations   | 2 4 5 6 7 |  7.7
Earth Magic    | 5 7 8 |  8.0
Evocations     | 4 |  4.0
Air Magic      | 4 |  4.0
Stealth        | |  2.1

Action                     |  1- 3 |  4- 6 |  7- 9 | 10-12 | 13-15 || total
---------------------------+-------+-------+-------+-------+-------++-------
  Melee: Unarmed           |    11 |     8 |       |       |       ||    19
         Punch             |     1 |       |       |       |       ||     1
         Whip              |       |   129 |   245 |   409 |   260 ||  1043
   Cast: Freeze            |    34 |    16 |     8 |     5 |       ||    63
         Frozen Ramparts   |     1 |    10 |    30 |    55 |    42 ||   138
         Ozocubu's Armour  |       |     1 |    12 |    35 |    12 ||    60
         Stone Arrow       |       |       |       |    60 |    47 ||   107
         Lee's Rapid Decon |       |       |       |    12 |     6 ||    18
         Freezing Cloud    |       |       |       |       |    32 ||    32
  Evoke: Wand              |       |       |       |     8 |     5 ||    13
    Use: Potion            |       |     1 |       |     1 |     3 ||     5
         Scroll            |       |     2 |    14 |     6 |     4 ||    26
   Stab: Sleeping          |       |     5 |     3 |     2 |       ||    10
 Armour: Robe              |    22 |    79 |    11 |       |       ||   112
         Leather armour    |       |       |   125 |       |       ||   125
         Steam dragon scal |       |       |       |   363 |   325 ||   688
  Dodge: Dodged            |    18 |    97 |   100 |   230 |   218 ||   663
  Block: Other             |       |    34 |    45 |   119 |    68 ||   266
         Reflection        |       |       |     3 |     4 |     4 ||    11

Table legend: (Time is in decaauts)
 A = Elapsed time spent in this place.
 B = Non-inter-level travel time spent in this place.
 C = Inter-level travel time spent in this place.
 D = Time resting spent in this place.
 E = Time spent auto-exploring this place.
 F = Levels seen in this place.
 G = Mean time per level.
                   A        B        C        D        E       F      G
               +--------+--------+--------+--------+--------+-----+--------+
         Total |  18996 |  17988 |   1008 |   5326 |   9263 |  19 |  999.8 |
       Dungeon |   9486 |   8870 |    616 |   2092 |   4871 |  10 |  948.6 |
        Temple |     45 |      2 |     43 |      0 |      0 |   1 |   45.0 |
          Lair |   6917 |   6669 |    248 |   2107 |   3539 |   5 | 1383.4 |
  Orcish Mines |   1798 |   1697 |    101 |   1108 |    322 |   2 |  899.0 |
         Sewer |    747 |    747 |      0 |     19 |    530 |   1 |  747.0 |
               +--------+--------+--------+--------+--------+-----+--------+

Top non-repeatable levels by time:
  Lair:5: 2163 daAuts
   Orc:1: 1740 daAuts
  Lair:3: 1392 daAuts
  Lair:2: 1337 daAuts
     D:1: 1256 daAuts
     D:7: 1169 daAuts
  Lair:1: 1099 daAuts
     D:8: 1086 daAuts
     D:5: 1041 daAuts
     D:9: 967 daAuts
    D:10: 951 daAuts
  Lair:4: 924 daAuts
     D:4: 811 daAuts
     D:2: 806 daAuts
   Sewer: 747 daAuts
